 Dungeon Crawl Stone Soup version 0.32-a0-928-g1cae6b7ea0 (webtiles) character file.

Game seed: 7441922230626899513

578 Eugor the Conjurer (level 7, 0/36 HPs)
             Began as a Deep Elf Conjurer on Apr 12, 2024.
             Slain by an orc wizard
             ... wielding a +2 dagger of venom
              (3 damage)
             ... on level 5 of the Dungeon.
             The game lasted 00:06:47 (3785 turns).

Eugor the Conjurer (Deep Elf Conjurer)              Turns: 3785, Time: 00:06:47

Health: 0/36       AC:  2    Str:  4    XL:     7   Next: 13%
Magic:  18/18      EV: 11    Int: 25    God:
Gold:   244        SH:  0    Dex: 13    Spells: 4/18 levels left

rFire   + . .        j - staff of air
rCold   + . .        (no shield)
rNeg    . . .        a - +0 robe
rPois   .            (no helmet)
rElec   +            (no cloak)
rCorr   .            (no gloves)
SInv    .            (no boots)
Will    .....        (no amulet)
Stlth   ++           o - ring of protection from fire
HPRegen 0.26/turn    f - ring of protection from cold
MPRegen 0.16/turn

%: no passive effects
@: brilliant, lethally poisoned (0 -> -6)
A: no striking features
a: no special abilities


You were on level 5 of the Dungeon.
You visited 1 branch of the dungeon, and saw 5 of its levels.

You collected 244 gold pieces.

Inventory:

Hand Weapons
 e - a +0 short sword
Missiles
 s - 3 poisoned darts
Armour
 a - a +0 robe (worn)
 v - a +0 buckler
Magical Staves
 j - a staff of air (weapon)
 q - a staff of death
Jewellery
 f - a ring of protection from cold (right hand)
 o - a ring of protection from fire (left hand)
 t - a ring of protection from fire
Scrolls
 c - 5 scrolls of enchant weapon {unknown}
 d - 3 scrolls of amnesia {unknown}
 i - a scroll of immolation {unknown}
 k - a scroll of summoning {unknown}
 m - 3 scrolls of identify {unknown}
 p - a scroll of revelation {unknown}
 r - a scroll of enchant armour {unknown}
Potions
 b - a potion of magic
 h - a potion of degeneration {unknown}
 n - a potion of lignification {unknown}
 u - a potion of ambrosia {unknown}


   Skills:
 + Level 2.8 Dodging
 + Level 3.0 Stealth
 * Level 0.3 Shields
 * Level 6.1 Spellcasting
 * Level 6.8 Conjurations
 * Level 2.0 Hexes
 * Level 2.0 Translocations
 * Level 0.5 Fire Magic
 * Level 1.3 Air Magic
 * Level 0.9 Alchemy
 * Level 0.9 Evocations


You had 4 spell levels left.
You knew the following spells:

 Your Spells              Type           Power      Damage    Failure   Level
a - Magic Dart            Conj           100%       1d8       1%          1
b - Searing Ray           Conj           100%       2d8       1%          2
d - Fulminant Prism       Conj/Alch      20%        3d12      14%         4
e - Iskenderun's Mystic   Conj/Tloc      44%        2d10      (+2d512%    4
x - Inner Flame           Hex/Fire       21%        N/A       13%         3

Your spell library contained the following spells:

 Spells                   Type           Power      Damage    Failure   Level
 Volatile Blastmotes      Fire/Tloc      42%        2d13      13%         3
 Irradiate                Conj/Alch      20%        3d18      38%         5
 Ignition                 Fire           7%         3d5       100%        8


Dungeon Overview and Level Annotations

Branches:
Dungeon (5/15)
 Temple: D:4-7

Altars:
Dithmenos
Fedhas
Ru
Trog


Message History

The orc wizard attacks as it pursues you!
The orc wizard hits you with a +2 dagger of venom.
You are more poisoned.
You feel very sick.
It was a potion of curing.
You feel better.
The orc wizard hits you with a +2 dagger of venom.
Casting: Magic Dart (safe; 1% risk of failure)
Confirm with . or Enter, or press ? or * to list all spells.
Aiming: Magic Dart (safe; 1% risk of failure)
Press: ? - help, Shift-Dir - straight line, f/p - orc wizard
Aim: an orc wizard, wielding a +2 dagger of venom and wearing a +0 robe (lightly wounded, 100% to hit)
The magic dart hits the orc wizard.
The orc wizard is heavily wounded.
The orc wizard misses you.
The orc wizard mumbles some strange words.
The orc wizard flickers and vanishes!
Deactivating autopickup; reactivate with Ctrl-A.
You hear some strange, mumbled words.
You are confused.
You bump into the crystal wall.
Something hits you.
You are poisoned.
You feel very sick. Something hits you.
You are lethally poisoned!
* * * LOW HITPOINT WARNING * * *
You feel very sick.
You feel better. Something hits you.
* * * LOW HITPOINT WARNING * * *
You are lethally poisoned!
Magic courses through your body.
* * * LOW HITPOINT WARNING * * *
You feel very sick. Something hits you.
* * * LOW HITPOINT WARNING * * *
Unknown command.
It was a potion of brilliance.
You feel clever all of a sudden.
* * * LOW HITPOINT WARNING * * *
You feel sick. Something hits you.
You die...

#.# #.......##.#
###.#
####.......##.#
..#.#
#......_......#
#.#.#
##.##.......####
....# #..##.......#
....# #.###.......#
...## #.# ####.####
#.########.######.#
#...............@.#
###################


There were no monsters in sight!

Vanquished Creatures
  Menkaure (D:5)
  A black bear (D:4)
  Blork the orc (D:5)
  3 hounds
  An orc priest (D:4)
  2 orc wizards
  5 adders
  2 dart slugs
  6 orcs
  7 endoplasms
  3 giant cockroaches
  6 goblins
  8 hobgoblins
  4 quokkas
  8 ball pythons
  10 bats
  A frilled lizard (D:1)
  8 kobolds
  8 rats
85 creatures vanquished.

Vanquished Creatures (others)
  4 fulminant prisms (D:5)
4 creatures vanquished.

Grand Total: 89 creatures vanquished

Notes
Turn   | Place    | Note
-------+----------+-------------------------------------------
     0 | D:1      | Eugor the Deep Elf Conjurer began the quest for the Orb.
     0 | D:1      | Reached XP level 1. HP: 10/10 MP: 6/6
   210 | D:1      | Reached XP level 2. HP: 15/15 MP: 4/8
   213 | D:1      | Learned a level 2 spell: Searing Ray
   622 | D:1      | Reached skill level 5 in Conjurations
   862 | D:1      | Reached XP level 3. HP: 19/19 MP: 6/9
  1104 | D:2      | Found a faded altar of an unknown god.
  1948 | D:3      | Reached XP level 4. HP: 20/24 MP: 4/12
  1973 | D:3      | Learned a level 4 spell: Fulminant Prism
  1978 | D:3      | Learned a level 4 spell: Iskenderun's Mystic Blast
  2262 | D:3      | Found a bloodstained altar of Trog.
  2263 | D:3      | Found a blossoming altar of Fedhas.
  2610 | D:4      | Reached XP level 5. HP: 28/28 MP: 8/13
  2855 | D:4      | Reached skill level 5 in Spellcasting
  2955 | D:4      | Noticed a black bear
  2959 | D:4      | Killed a black bear
  2960 | D:4      | Reached skill level 1 in Translocations
  2960 | D:4      | Reached skill level 1 in Air Magic
  2960 | D:4      | Reached XP level 6. HP: 32/32 MP: 9/16
  2964 | D:4      | Learned a level 3 spell: Inner Flame
  3081 | D:4      | Found a shadowy altar of Dithmenos.
  3334 | D:5      | Entered Level 5 of the Dungeon
  3412 | D:5      | Noticed Menkaure
  3449 | D:5      | Killed Menkaure
  3634 | D:5      | Found a sacrificial altar of Ru.
  3658 | D:5      | Noticed Blork the orc
  3665 | D:5      | Reached skill level 1 in Hexes
  3754 | D:5      | Killed Blork the orc
  3755 | D:5      | Reached XP level 7. HP: 36/36 MP: 3/18
  3785 | D:5      | Slain by an orc wizard

Illustrated notes

Levels and vault maps discovered:
D:1:      ncdulo_halloftheorcs, layout_basic
D:2:      layout_loops_ring, shapermc_ecumenical_altar_starsandcircs,
          glass_columns_a, grunt_decor_fettered, minmay_tetromino_l2
D:3:      layout_rooms, mainiacjoe_overflow_divided_tiny
D:4:      layout_gridville, nicolae_dithmenos_through_a_glass_darkly
D:5:      layout_loops_ring, nicolae_overflow_crystal_walls,
          small_statue_intersection, uniq_blork_the_orc, uniq_menkaure

Skill      XL: |  1  2  3  4  5  6 |
---------------+-------------------+-----
Conjurations   | 5 6 |  6.8
Spellcasting   | 4 5 6 |  6.1
Stealth        | 3 |  3.0
Translocations | 1 2 |  2.0
Air Magic      | 1 |  1.3
Hexes          | 2 |  2.0
Dodging        | |  2.8
Shields        | |  0.3
Fire Magic     | |  0.5
Alchemy        | |  0.9
Evocations     | |  0.9

Action                     |  1- 3 |  4- 6 |  7- 9 || total
---------------------------+-------+-------+-------++-------
  Melee: Short sword       |     5 |       |       ||     5
         Staff             |     2 |       |     7 ||     9
   Cast: Magic Dart        |    84 |    77 |     2 ||   163
         Searing Ray       |     1 |     5 |     1 ||     7
         Fulminant Prism   |       |     4 |       ||     4
    Use: Potion            |       |       |     4 ||     4
 Armour: Robe              |     7 |     5 |    12 ||    24
  Dodge: Dodged            |     6 |     2 |     9 ||    17

Table legend: (Time is in decaauts)
 A = Elapsed time spent in this place.
 B = Non-inter-level travel time spent in this place.
 C = Inter-level travel time spent in this place.
 D = Time resting spent in this place.
 E = Time spent auto-exploring this place.
 F = Levels seen in this place.
 G = Mean time per level.
                   A        B        C        D        E       F      G
               +--------+--------+--------+--------+--------+-----+--------+
         Total |   3786 |   3683 |    103 |    169 |   3016 |   5 |  757.2 |
       Dungeon |   3786 |   3683 |    103 |    169 |   3016 |   5 |  757.2 |
               +--------+--------+--------+--------+--------+-----+--------+

Top non-repeatable levels by time:
     D:1: 981 daAuts
     D:3: 828 daAuts
     D:2: 816 daAuts
     D:4: 708 daAuts
     D:5: 452 daAuts
